 Dungeon Crawl Stone Soup version 0.31.0-32-g396128a36d (webtiles) character file.

Game seed: 17100937014757866915

16559 gohu the Geomancer (level 12, -13/76 HPs)
             Began as a Gargoyle Earth Elementalist on Mar 14, 2024.
             Was a Believer of Vehumet.
             Mangled by a freezing wraith (33 damage)
             ... on level 10 of the Dungeon.
             The game lasted 00:52:10 (13426 turns).

gohu the Geomancer (Gargoyle Earth Elementalist)   Turns: 13426, Time: 00:52:11

Health: -13/76     AC: 18    Str: 12    XL:     12   Next: 38%
Magic:  3/24       EV: 11    Int: 27    God:    Vehumet [**....]
Gold:   410        SH:  0    Dex: 10    Spells: 16/27 levels left

rFire   + + .        x - +4 orcbow
rCold   x . .        (shield currently unavailable)
rNeg    + + +        B - +0 steam dragon scales
rPois   ∞            (no helmet)
rElec   +            I - +2 cloak of Prudence {rF++ rC- rN++}
rCorr   .            (no gloves)
SInv    .            l - +0 pair of boots
Will    .....        E - amulet of regeneration
Stlth   ++           O - ring of the Mage {Wiz Archmagi}
HPRegen 1.12/turn    w - +6 ring of intelligence
MPRegen 0.19/turn

%: wizardry (x1), archmagi
@: slowed, studying Summonings, very slow
A: sickness immunity, AC +8, negative energy resistance 1, electricity
resistance, torment resistance 1, petrification resistance
a: Renounce Religion


You were on level 10 of the Dungeon.
You worshipped Vehumet.
Vehumet was pleased with you.
You visited 2 branches of the dungeon, and saw 11 of its levels.

You collected 1373 gold pieces.
You spent 963 gold pieces at shops.

Inventory:

Hand Weapons
 k - a +0 arbalest
 x - a +4 orcbow (weapon)
 S - a +0 demon whip of venom
Missiles
 n - a throwing net
 C - 9 boomerangs
Armour
 a - a +0 robe
 l - a +0 pair of boots (worn)
 B - +0 steam dragon scales (worn)
 I - the +2 cloak of Prudence (worn) {rF++ rC- rN++}
   (You found it on level 3 of the Dungeon)

   rF++:      It greatly protects you from fire.
   rC-:       It makes you vulnerable to cold.
   rN++:      It greatly protects you from negative energy.
 L - a scarf of resistance
Jewellery
 c - a +5 ring of evasion
 g - a +5 ring of evasion
 w - a +6 ring of intelligence (right hand)
 y - a ring of positive energy
 z - a ring of flight
 E - an amulet of regeneration (around neck)
 O - the ring of the Mage (left hand) {Wiz Archmagi}
   (You bought it in a shop on level 5 of the Dungeon)

   [ring of wizardry]

   Wiz:       It improves your spell success rate.
   Archmagi:  It increases the power of your magical spells.
 P - the amulet of the Princess {RegenMP Str+6 Int-3}
   (You found it on level 10 of the Dungeon)

   [amulet of magic regeneration]

   RegenMP:   It increases your rate of magic regeneration.
   Str+6:     It affects your strength (+6).
   Int-3:     It affects your intelligence (-3).
Wands
 F - a wand of digging (5)
 G - a wand of charming (6)
 H - a wand of mindburst (32)
 J - a wand of roots (18)
 Q - a wand of quicksilver (4)
Scrolls
 b - 2 scrolls of fog
 f - a scroll of torment
 h - 6 scrolls of revelation
 m - 2 scrolls of immolation
 q - 4 scrolls of teleportation
 s - 4 scrolls of poison
 t - a scroll of fear
 u - 2 scrolls of blinking
 v - 4 scrolls of noise
 A - 2 scrolls of enchant armour
 K - 2 scrolls of vulnerability
Potions
 d - a potion of enlightenment
 e - 3 potions of attraction
 i - 7 potions of curing
 j - 4 potions of degeneration
 o - a potion of haste
 p - a potion of cancellation
 r - a potion of mutation
 D - a potion of ambrosia
 M - 2 potions of heal wounds
 N - a potion of resistance {unknown}
 R - a potion of lignification {unknown}
Miscellaneous
 T - a phial of floods


   Skills:
 + Level 9.3 Fighting
 - Level 4.0 Ranged Weapons
 - Level 2.1 Armour
 - Level 1.5 Dodging
 - Level 2.1 Stealth
 + Level 8.1 Spellcasting
 + Level 11.1 Conjurations
 + Level 4.7 Summonings
 * Level 13.2 Earth Magic


You had 16 spell levels left.
You knew the following spells:

 Your Spells              Type           Power      Damage    Failure   Level
a - Sandblast             Erth           100%       2d20      0%          1
b - Stone Arrow           Conj/Erth      100%       3d13      1%          3
c - Brom's Barrelling Bo  Conj/Erth      86%        2d10      1%          4
d - Passwall              Erth           89%        N/A       1%          3

Your spell library contained the following spells:

 Spells                   Type           Power      Damage    Failure   Level
 Kiss of Death            Conj/Necr      100%       2d13      1%          1
 Call Imp                 Summ           100%       N/A       1%          2
 Call Canine Familiar     Summ           53%        N/A       1%          3
 Leda's Liquefaction      Alch/Erth      31%        N/A       1%          4
 Petrify                  Alch/Erth      63%        N/A       1%          4
 Flame Wave               Conj/Fire      58%        2d14      2%          4
 Ensorcelled Hibernation  Hex/Ice        32%        N/A       3%          2
 Frozen Ramparts          Ice            32%        1d5       6%          3
 Fugue of the Fallen      Necr           16%        N/A       6%          3
 Inner Flame              Hex/Fire       16%        N/A       6%          3
 Sigil of Binding         Hex            16%        N/A       6%          3
 Irradiate                Conj/Alch      29%        3d21      6%          5
 Anguish                  Hex/Necr       8%         N/A       21%         4
 Dimensional Bullseye     Hex/Tloc       8%         N/A       21%         4
 Sticky Flame             Fire/Alch      16%        2d5       21%         4
 Metabolic Englaciation   Hex/Ice        8%         N/A       47%         5
 Summon Hydra             Summ           26%        N/A       91%         7
 Sublimation of Blood     Necr           Unusable   N/A       N/A         2

Dungeon Overview and Level Annotations

Branches:
Dungeon (10/15)            Temple (1/1) D:7            Lair (0/5) D:10
    Orc (0/2) D:9

Altars:
Ashenzari
Cheibriados
Dithmenos
Elyvilon
Fedhas
Gozag
Hepliaklqana
Kikubaaqudgha
Makhleb
Nemelex Xobeh
Okawaru
Qazlal
Ru
Sif Muna
Trog
Uskayaw
Vehumet
Wu Jian
Xom
Yredelemnul
Zin
The Shining One

Shops:
D:5 :=?!(

Annotations:
D:9 2 transporters, KineticRobot's ghost, novice GrEE


Innate Abilities, Weirdness & Mutations

You are immune to sickness and miasma.
Your stone body is resilient. (AC +8)
You are immune to poison.
You resist negative energy. (rN+)
You are resistant to electric shocks. (rElec)
You are resistant to unholy torment.
You are immune to petrification.


Message History

The freezing wraith hits you but does no damage. x2
The yak bellows!
The freezing wraith attacks as it pursues you!
The freezing wraith hits you but does no damage. x2
There is an open door here.
The freezing wraith attacks as it pursues you!
The freezing wraith hits you. The freezing wraith freezes you!!
You feel a terrible chill! The freezing wraith closely misses you.
There is an open door, spattered with blood here.
You see here 4 large rocks.
The freezing wraith attacks as it pursues you!
The freezing wraith hits you! The freezing wraith freezes you!!
You feel a terrible chill!
* * * LOW HITPOINT WARNING * * *
The freezing wraith barely misses you.
Okay, then.
As you read the scroll of fear, it crumbles to dust.
You assume a fearsome visage.
The yak looks frightened!
The freezing wraith is unaffected.
The yak looks frightened!
The freezing wraith hits you but does no damage.
The freezing wraith hits you.
* * * LOW HITPOINT WARNING * * *
Okay, then.
You feel much better.
The freezing wraith hits you but does no damage.
The freezing wraith hits you. The freezing wraith drains your vigour!
You feel yourself slow down.
Casting: Stone Arrow (safe; 1% risk of failure)
Confirm with . or Enter, or press ? or * to list all spells.
Aiming: Stone Arrow (safe; 1% risk of failure)
Press: ? - help, Shift-Dir - straight line, f/p - yak
Aim: a yak (lightly wounded, fleeing, 87% to hit)
You feel a surge of power!
The stone arrow hits the freezing wraith.
The freezing wraith is lightly damaged.
The freezing wraith hits you but does no damage.
The freezing wraith hits you. The freezing wraith hits you!
* * * LOW HITPOINT WARNING * * *
The freezing wraith freezes you!!
You feel a terrible chill!
You die...

..#......#............<##'####...
..#......#.............#.....#...
########.#...........#.#.....#...
####...............#######...
####.........####........'..#...
##............#..#.[...##.#..#...
...........(...........##.#..'...
'#####'#####'###..........####...
.# .... ...#@#....#'### #...
.#####...# #.#W#.##.#..# #..#
#..'##.##'. #.T.#....'..##..#...
...#...###.###.#.'....#..##..#<..
.### ... #.....#.######..##..#.##
'#####'#####Y###..# #..##..#...
.#.#.#.#.#..#..#..# #..##..#)..
..###...##.....#..# #..##..#...
...'...).)#.#.#'..# #......#...


You could see a freezing wraith, a yak (fleeing) and a troll.

Vanquished Creatures
  Josephine (D:10)
  A catoblepas (D:10)
  A centaur warrior (D:10)
  An ogre mage (D:10)
  A two-headed ogre (D:8)
  Amaemon (D:10)
  Pikel (D:4)
  A wolf spider (D:10)
  An ugly thing (D:8)
  2 manticores (D:10)
  A cyclops (D:10)
  An unseen horror (D:10)
  A troll (D:8)
  A hornet (D:9)
  A wyvern (D:8)
  Sigmund (D:4)
  3 wraiths (D:10)
  14 yaks
  A spriggan (shapeshifter) (D:10)
  A vampire (D:9)
  4 steam dragons
  3 water moccasins
  8 orc warriors
  5 ice beasts
  2 sky beasts
  4 black bears
  5 centaurs
  2 ogres
  2 phantoms
  2 kobold brigands
  A lemure (D:5)
  4 bullfrogs
  2 gnoll sergeants
  7 scorpions
  13 wights
  13 killer bees
  The ghost of NimIero the Conjurer, a weakling DrCj (D:3)
  5 howler monkeys
  2 bombardier beetles
  A lava snake (D:8)
  5 orc priests
  7 hounds
  3 jellies
  A sleepcap (D:6)
  Crazy Yiuf (D:3)
  Jessica (D:2)
  3 iguanas
  10 orc wizards
  7 gnolls
  7 adders
  2 shadow imps (D:7)
  4 white imps
  3 ufetubi (D:7)
  3 dart slugs
  2 ribbon worms (D:3)
  43 orcs
  An endoplasm (D:2)
  3 giant cockroaches
  5 goblins
  9 hobgoblins
  2 jackals (D:1)
  6 quokkas
  6 ball pythons
  8 bats
  12 kobolds
  5 rats
281 creatures vanquished.

Vanquished Creatures (collateral kills)
  An orc (D:7)
  26 boulders
27 creatures vanquished.

Vanquished Creatures (others)
  An acid dragon (D:10)
  27 boulders
28 creatures vanquished.

Grand Total: 336 creatures vanquished

Notes
Turn   | Place    | Note
-------+----------+-------------------------------------------
     0 | D:1      | gohu the Gargoyle Earth Elementalist began the quest for
                  | the Orb.
     0 | D:1      | Reached XP level 1. HP: 10/10 MP: 3/3
   345 | D:1      | Found a faded altar of an unknown god.
   509 | D:1      | Reached XP level 2. HP: 15/16 MP: 0/5
   655 | D:1      | Reached skill level 4 in Earth Magic
  1127 | D:2      | Reached skill level 1 in Fighting
  1238 | D:2      | Reached XP level 3. HP: 20/20 MP: 6/6
  1400 | D:2      | Noticed Jessica
  1401 | D:2      | Killed Jessica
  1558 | D:3      | Reached XP level 4. HP: 25/25 MP: 4/7
  1562 | D:3      | Learned a level 3 spell: Stone Arrow
  1641 | D:3      | Found a radiant altar of Vehumet.
  1643 | D:3      | Noticed a scorpion
  1645 | D:3      | Found a transporter.
  1668 | D:3      | Found a transporter.
  1673 | D:3      | Noticed a water moccasin
  1674 | D:3      | Found a transporter.
  1674 | D:3      | Noticed NimIero's ghost (weakling DrCj)
  1705 | D:3      | Found a glowing golden altar of the Shining One.
  2021 | D:3      | Found a transporter.
  2150 | D:3      | Found a runed translucent door.
  2151 | D:3      | Noticed Crazy Yiuf
  2190 | D:3      | Reached skill level 5 in Earth Magic
  2342 | D:4      | Reached XP level 5. HP: 30/30 MP: 3/9
  2689 | D:4      | Noticed Sigmund
  2698 | D:4      | Killed Sigmund
  2699 | D:4      | Reached skill level 1 in Ranged Weapons
  2699 | D:4      | Reached XP level 6. HP: 15/36 MP: 7/10
  2982 | D:4      | Reached XP level 7. HP: 38/41 MP: 7/11
  3378 | D:5      | Entered Level 5 of the Dungeon
  3442 | D:5      | Reached skill level 6 in Earth Magic
  3558 | D:5      | Found Biluejit's Magic Scroll Shop.
  3642 | D:5      | Bought a scroll of blinking for 75 gold pieces
  3642 | D:5      | Bought a scroll of teleportation for 30 gold pieces
  3642 | D:5      | Bought a scroll of noise for 10 gold pieces
  3642 | D:5      | Bought a scroll of identify for 20 gold pieces
  3650 | D:5      | Found Ytun's Book Boutique.
  3826 | D:5      | Found Refigul Uth's Distillery.
  3829 | D:5      | Bought a potion of degeneration for 13 gold pieces
  3836 | D:5      | Noticed Pikel
  3925 | D:4      | HP: 1/41 [Pikel/+1 whip of electrocution (6)]
  3927 | D:4      | Killed Pikel
  3928 | D:4      | Reached skill level 5 in Conjurations
  3928 | D:4      | Reached XP level 8. HP: 2/48 MP: 0/14
  4216 | D:5      | Found Gulegh's Antique Weapon Shop.
  4402 | D:5      | Found Fegofel's Jewellery Boutique.
  4551 | D:6      | Reached skill level 7 in Earth Magic
  4678 | D:6      | Reached XP level 9. HP: 53/53 MP: 5/15
  4775 | D:6      | Learned a level 4 spell: Brom's Barrelling Boulder
  4779 | D:6      | Learned a level 3 spell: Passwall
  4884 | D:6      | Reached skill level 5 in Fighting
  5748 | D:7      | Reached skill level 5 in Spellcasting
  6340 | D:7      | Reached skill level 8 in Earth Magic
  7021 | D:3      | Became a worshipper of Vehumet
  7072 | D:3      | Killed NimIero's ghost
  7073 | D:3      | Reached XP level 10. HP: 59/60 MP: 14/18
  7092 | D:3      | Identified the +2 cloak of Prudence {rF++ rC- rN++}
  7182 | D:3      | Killed Crazy Yiuf
  7549 | D:7      | Found a staircase to the Ecumenical Temple.
  7557 | Temple   | Entered the Ecumenical Temple
  7828 | D:7      | Found a glowing silver altar of Zin.
  7855 | D:7      | Reached skill level 9 in Earth Magic
  8804 | D:8      | Noticed a two-headed ogre
  8816 | D:8      | Killed a two-headed ogre
  8817 | D:8      | Reached skill level 10 in Earth Magic
  9161 | D:8      | Reached * piety under Vehumet
  9161 | D:8      | Offered knowledge of Foxfire by Vehumet.
  9418 | D:8      | Reached skill level 10 in Conjurations
  9418 | D:8      | Reached XP level 11. HP: 62/68 MP: 14/21
  9467 | D:8      | Noticed a green ugly thing
  9853 | D:8      | Reached skill level 11 in Earth Magic
  9965 | D:8      | Killed a green ugly thing
 10062 | D:9      | Found a transporter.
 10062 | D:9      | Noticed a cyan ugly thing
 10063 | D:9      | Noticed a cyclops
 10065 | D:9      | Noticed KineticRobot's ghost (novice GrEE)
 10625 | D:9      | Found a staircase to the Orcish Mines.
 10714 | D:9      | Reached ** piety under Vehumet
 10714 | D:9      | Offered knowledge of Kiss of Death by Vehumet.
 10905 | D:9      | Found a transporter.
 11272 | D:10     | Entered Level 10 of the Dungeon
 11308 | D:10     | Noticed Amaemon
 11597 | D:10     | Killed Amaemon
 11598 | D:10     | Reached skill level 1 in Armour
 11598 | D:10     | Reached skill level 1 in Summonings
 11603 | D:10     | Noticed a wolf spider
 11705 | D:10     | Noticed a manticore
 11718 | D:10     | Killed a manticore
 11734 | D:10     | Reached skill level 12 in Earth Magic
 11800 | D:10     | Noticed a cyclops
 11802 | D:10     | Killed a cyclops
 11890 | D:10     | Killed a wolf spider
 12008 | D:10     | Noticed an ogre mage
 12278 | D:5      | Bought the ring of the Mage {Wiz Archmagi} for 765 gold
                  | pieces
 12278 | D:5      | Found the ring of the Mage {Wiz Archmagi}
 12317 | D:5      | Bought a scroll of teleportation for 30 gold pieces
 12317 | D:5      | Bought a scroll of identify for 20 gold pieces
 12423 | D:10     | Killed an ogre mage
 12536 | D:10     | Noticed Josephine
 12559 | D:10     | Killed Josephine
 12560 | D:10     | Reached XP level 12. HP: 76/76 MP: 2/23
 12700 | D:10     | Found a staircase to the Lair.
 12723 | D:10     | Identified the amulet of the Princess {RegenMP Str+6 Int-3}
 12727 | D:10     | Noticed a catoblepas
 12762 | D:10     | Killed a catoblepas
 13345 | D:10     | Noticed a centaur warrior
 13350 | D:10     | Killed a centaur warrior
 13351 | D:10     | Reached skill level 13 in Earth Magic
 13426 | D:10     | Mangled by a freezing wraith

Illustrated notes

Levels and vault maps discovered:
D:1:      dpeg_arrival_simpleton_a, layout_basic,
          shapermc_ecumenical_altar_pompeii
D:2:      layout_loops_cross, uniq_jessica
D:3:      layout_rooms, gammafunk_temple_overflow_arena, old_standard_altar,
          gammafunk_ghost_arena, minmay_misc_feat_enclosed, moated_statue,
          minivault_4, st_stairs_1, minmay_box_of_dots, uniq_crazy_yiuf_cottage
D:4:      layout_cave_pods, uniq_sigmund
D:5:      layout_rooms, serial_shops, nicolae_shop_tiny_glass, shop,
          nicolae_diamond_shop, shop, nicolae_shop_behind_doors,
          minmay_tree_intersection, uniq_pikel
D:6:      layout_basic, kennysheep_generic_room_13
D:7:      minmay_razor_zed, layout_cave_pods, zin_statuary,
          minmay_temple_entry_drinking_statues, st_stairs_4, corner_web_ring,
          item_on_display_a
D:8:      layout_cave_pools, nicolae_kite_square_tiling_tiny,
          minmay_manual_macuahuitl
D:9:      layout_rooms, david_orc_4, gammafunk_ghost_arena
D:10:     minmay_the_grid_square_5x5_4x4 [minmay_the_grid_square_5x5_minibox,
          minmay_the_grid_square_5x5_inner_z, minmay_the_grid_square_5x5_empty,
          minmay_the_grid_square_5x5_trominoes,
          minmay_the_grid_square_5x5_lines,
          minmay_the_grid_square_5x5_prize_gold,
          minmay_the_grid_square_5x5_prize_monsterx,
          minmay_the_grid_square_5x5_broken_cross,
          minmay_the_grid_square_5x5_corner,
          minmay_the_grid_square_5x5_prize_snowflake,
          minmay_the_grid_square_5x5_prize_itemx,
          minmay_the_grid_square_5x5_intrusive_squares,
          minmay_the_grid_square_5x5_six_small,
          minmay_the_grid_square_5x5_seven, minmay_the_grid_square_5x5_moneybag,
          minmay_the_grid_square_5x5_bite], layout_stronghold, lair_entry_dummy,
          kennysheep_generic_room_11, uniq_josephine, uniq_amaemon
Temple:   nicolae_temple_bog_church

Skill      XL: |  1  2  3  4  5  6  7  8  9 10 11 12 |
---------------+-------------------------------------+-----
Earth Magic    | 4 5 6 7 8 10 12 13 | 13.2
Fighting       | 1 2 3 4 6 7 9 |  9.3
Conjurations   | 2 3 5 6 8 10 11 | 11.1
Ranged Weapons | 1 3 4 |  4.0
Spellcasting   | 3 4 5 6 7 8 |  8.1
Armour         | 2 |  2.1
Summonings     | 3 4 |  4.7
Dodging        | |  1.5
Stealth        | |  2.1

Action                     |  1- 3 |  4- 6 |  7- 9 | 10-12 || total
---------------------------+-------+-------+-------+-------++-------
  Melee: Unarmed           |     8 |       |       |       ||     8
         Orcbow            |       |       |       |     6 ||     6
   Fire: Arbalest          |    20 |    61 |    27 |       ||   108
         Orcbow            |       |       |    45 |   194 ||   239
   Cast: Sandblast         |    21 |    36 |    27 |    44 ||   128
         Stone Arrow       |       |       |    72 |   118 ||   190
         Brom's Barrelling |       |       |     6 |    68 ||    74
  Evoke: Wand              |       |       |       |     3 ||     3
    Use: Potion            |       |       |     5 |     2 ||     7
         Scroll            |       |       |       |    15 ||    15
 Armour: Robe              |    14 |     9 |    15 |       ||    38
         Steam dragon scal |       |       |    17 |   203 ||   220
  Dodge: Dodged            |    31 |    22 |    67 |   148 ||   268
